 Dungeon Crawl Stone Soup version 0.24.0-13-gcf9b319 (webtiles) character file.

Game seed: 17123049882991477738, levelgen mode: deterministic

11253 DukeAK74 the Cleaver (level 11, -1/96 (97) HPs)
             Began as a Minotaur Fighter on May 23, 2020.
             Was a Priest of Trog.
             Slain by a hippogriff (7 damage)
             ... on level 11 of the Dungeon.
             The game lasted 00:50:36 (14722 turns).

DukeAK74 the Cleaver (Minotaur Fighter)            Turns: 14722, Time: 00:50:37

HP:   -1/96 (97)    AC: 10    Str: 24    XL:     11   Next: 46%
MP:   12/12         EV: 13    Int:  5    God:    Trog [***...]
Gold: 690           SH: 12    Dex: 10    Spells: 10/10 levels left

rFire    x . .     SeeInvis .   a - +1 war axe (vamp)
rCold    + + .     Gourm    .   c - +1 shield
rNeg     . . .     Faith    .   l - +1 scale mail {rC+}
rPois    .         Spirit   .   (helmet restricted)
rElec    .         Reflect  .   (no cloak)
rCorr    .         Harm     .   h - +0 pair of gloves
MR       .....                  (no boots)
Stlth    ..........             t - amulet of rage
HPRegen  0.26/turn              O - +2 ring of evasion
MPRegen  0.13/turn              A - ring of ice

@: very slightly contaminated
A: retaliatory headbutt, horns 2
a: Berserk, Trog's Hand, Renounce Religion, Evoke Berserk Rage


You were on level 11 of the Dungeon.
You worshipped Trog.
Trog was most pleased with you.
You were not hungry.

You visited 2 branches of the dungeon, and saw 12 of its levels.

You collected 789 gold pieces.
You spent 99 gold pieces at shops.

Inventory:

Hand Weapons
 a - a +1 vampiric war axe (weapon)
 J - a +0 hand crossbow of freezing
 M - a +0 arbalest
Missiles
 m - 15 poisoned darts (quivered)
Armour
 b - a +0 scale mail
 c - a +1 shield (worn)
 e - a +0 ring mail
 h - a +0 pair of gloves (worn)
 l - a +1 scale mail of cold resistance (worn)
 q - a +0 chain mail
 C - a +2 ring mail of fire resistance
Jewellery
 d - an uncursed amulet of harm
 g - an uncursed ring of poison resistance
 n - an uncursed ring of protection from magic
 r - an uncursed ring of protection from fire
 t - an amulet of rage (around neck)
 y - an uncursed ring of resist corrosion
 A - a ring of ice (right hand)
 K - a cursed -2 ring of dexterity {unknown}
 O - a +2 ring of evasion (left hand)
 Q - an uncursed ring of ice
Wands
 o - a wand of acid (7)
 D - a wand of iceblast (13)
 N - a wand of flame (13)
Scrolls
 u - 3 scrolls of magic mapping
 w - 6 scrolls of teleportation
 z - 5 scrolls of amnesia
 G - 3 scrolls of enchant weapon
 I - a scroll of remove curse
 R - a scroll of immolation
 S - a scroll of brand weapon
 T - a scroll of enchant armour
Potions
 i - a potion of ambrosia
 j - 2 potions of haste
 k - a potion of agility
 p - a potion of flight {unknown}
 s - 2 potions of degeneration {unknown}
 v - 2 potions of curing {unknown}
 x - a potion of brilliance {unknown}
 B - a potion of cancellation
 H - a potion of resistance {unknown}
 L - a potion of invisibility {unknown}
 P - a potion of lignification {unknown}
Comestibles
 f - 20 rations
 U - 2 chunks of flesh


   Skills:
 * Level 9.2 Fighting
 + Level 12.8 Axes
 * Level 7.0 Throwing
 + Level 7.8 Armour
 - Level 6.0 Dodging
 - Level 0.8 Stealth
 + Level 7.8 Shields
 * Level 3.8 Evocations


You had 10 spell levels left.
You didn't know any spells.
Your spell library was empty.

Dungeon Overview and Level Annotations

Branches:
Dungeon (11/15)            Temple (1/1) D:7            Lair (0/6) D:9
    Orc: D:9-12

Altars:
Ashenzari
Cheibriados
Dithmenos
Elyvilon
Fedhas
Gozag
Hepliaklqana
Kikubaaqudgha
Makhleb
Nemelex Xobeh
Okawaru
Qazlal
Ru
Sif Muna
Trog
Uskayaw
Vehumet
Wu Jian
Xom
Yredelemnul
Zin
The Shining One

Shops:
D:4 *   D:5 [


Innate Abilities, Weirdness & Mutations

You reflexively headbutt those who attack you in melee.
You have a pair of horns on your head.


Message History

The hippogriff closely misses you. The hippogriff completely misses you.
The hippogriff claws you.
* * * LOW HITPOINT WARNING * * *
You slash the hippogriff!
You feel better.
The hippogriff is moderately wounded.
The hippogriff bites you!
* * * LOW HITPOINT WARNING * * *
The hippogriff completely misses you. The hippogriff claws you.
* * * LOW HITPOINT WARNING * * *
Your shield prevents you from hitting the hippogriff.
You headbutt the hippogriff!
The hippogriff is severely wounded.
You feel a little less agile now. You block the hippogriff's attack. x3
You slash the hippogriff!
The hippogriff is almost dead.
The hippogriff bites you.
* * * LOW HITPOINT WARNING * * *
The hippogriff pecks you!
You die...

.. ####'####
#.......#
#.......#
#.......#
#.......#
#.......#
#....H@.#
+.......#
#.......#
######'## u.#
#########'###
#...........#
.
#...........#
..#
#.......)$..#


You could see a cyan ugly thing and a hippogriff.

Vanquished Creatures
  An ogre mage (D:8)
  A dancing weapon (D:7)
  A two-headed ogre (D:9)
  The ghost of babuloseo the Spear-Bearer, a novice HuGl of the Shining One (D:7)
  A wolf spider (D:8)
  A yaktaur (D:8)
  A hornet (D:8)
  4 hippogriffs
  A wyvern (D:11)
  9 yaks
  Eustachio (D:3)
  A vampire mosquito (D:8)
  A hungry ghost (D:10)
  Menkaure (D:4)
  A water moccasin (D:5)
  An eye of draining (D:11)
  5 orc warriors
  3 sky beasts
  A black bear (D:8)
  7 ice beasts
  7 ogres
  A necrophage (D:9)
  A phantom (D:7)
  4 centaurs
  3 big kobolds
  A crocodile (D:9)
  2 bullfrogs
  3 scorpions
  A wyvern skeleton (D:6)
  7 killer bees
  2 howler monkeys
  3 wights (D:10)
  9 crimson imps
  A bullfrog zombie (D:9)
  3 hounds
  4 orc priests
  3 jellies
  2 bullfrog skeletons
  A gnoll shaman (D:8)
  2 iguanas
  7 orc wizards
  7 worker ants
  2 hound skeletons
  A killer bee simulacrum (D:8)
  5 gnolls (D:8)
  10 adders
  2 river rats (D:6)
  2 shadow imps
  A white imp (D:7)
  A howler monkey simulacrum (D:8)
  An ooze (D:2)
  An adder skeleton (D:5)
  An adder zombie (D:5)
  2 worms
  2 dart slugs
  6 leopard geckos
  46 orcs
  6 giant cockroaches
  8 goblins
  7 hobgoblins
  4 jackals (D:3)
  14 kobolds
  5 quokkas
  5 ball pythons
  8 bats
  12 frilled lizards
  A leopard gecko skeleton (D:4)
  A quokka skeleton (D:4)
  A quokka zombie (D:7)
  4 rats
  A plant (D:10)
277 creatures vanquished.

Vanquished Creatures (others)
  A plant (D:10)
1 creature vanquished.

Grand Total: 278 creatures vanquished

Notes
Turn   | Place    | Note
-------+----------+-------------------------------------------
     0 | D:1      | DukeAK74 the Minotaur Fighter began the quest for the Orb.
     0 | D:1      | Reached XP level 1. HP: 19/19 MP: 0/0
   163 | D:1      | Reached XP level 2. HP: 20/27 MP: 1/1
   939 | D:1      | Reached skill level 3 in Axes
  1023 | D:1      | Reached XP level 3. HP: 31/33 MP: 2/2
  1865 | D:2      | Reached XP level 4. HP: 32/40 MP: 3/3
  2227 | D:3      | Reached skill level 4 in Axes
  2283 | D:3      | Reached skill level 1 in Dodging
  3191 | D:4      | Found Oxoawk's Assorted Antiques.
  3195 | D:4      | Bought a pair of gloves for 99 gold pieces
  3293 | D:4      | Noticed an ogre
  3305 | D:4      | Killed an ogre
  3305 | D:4      | Reached skill level 5 in Axes
  3305 | D:4      | Reached XP level 5. HP: 26/46 MP: 4/4
  3507 | D:4      | Reached XP level 6. HP: 37/53 MP: 5/5
  3869 | D:4      | Noticed Eustachio
  3897 | D:3      | Killed Eustachio
  3897 | D:3      | Reached skill level 1 in Throwing
  4226 | D:4      | Reached skill level 6 in Axes
  4233 | D:4      | Reached XP level 7. HP: 56/60 MP: 6/6
  4414 | D:4      | Reached skill level 5 in Fighting
  4530 | D:5      | Entered Level 5 of the Dungeon
  4532 | D:5      | Noticed Menkaure
  4548 | D:4      | Killed Menkaure
  4548 | D:4      | Reached skill level 5 in Armour
  4744 | D:5      | Found Wussust's Armour Emporium.
  4782 | D:5      | Reached skill level 7 in Axes
  5003 | D:5      | Reached XP level 8. HP: 41/68 MP: 7/7
  5278 | D:5      | Found a white marble altar of Elyvilon.
  5729 | D:6      | Reached skill level 8 in Axes
  6013 | D:6      | Found a glowing drain.
  6450 | D:6      | Reached skill level 5 in Shields
  6502 | D:7      | Reached skill level 9 in Axes
  6729 | D:7      | Reached XP level 9. HP: 77/77 MP: 8/8
  6741 | D:7      | Found a staircase to the Ecumenical Temple.
  7141 | D:7      | Found a runed translucent door.
  7144 | D:7      | Found a shimmering altar of Xom.
  7144 | D:7      | Noticed babuloseo's ghost (novice HuGl)
  7145 | D:7      | Noticed a +0 war axe of chaos
  7428 | D:7      | Reached skill level 10 in Axes
  7576 | D:7      | Reached skill level 5 in Dodging
  8093 | D:7      | Reached skill level 5 in Throwing
  8184 | D:7      | Reached skill level 11 in Axes
  8546 | Temple   | Entered the Ecumenical Temple
  8924 | Temple   | Became a worshipper of Trog the Wrathful
  9048 | D:7      | Killed a +0 war axe of chaos
  9048 | D:7      | Reached skill level 1 in Evocations
  9048 | D:7      | Reached XP level 10. HP: 86/86 MP: 9/9
  9055 | D:7      | Killed babuloseo's ghost
 10070 | D:8      | Noticed an ogre mage
 10076 | D:8      | Found a runed translucent door.
 10245 | D:8      | Found an opulent altar of Gozag.
 10607 | D:8      | Reached * piety under Trog
 10868 | D:8      | Noticed an ice dragon
 10868 | D:8      | Noticed a wolf spider
 10868 | D:8      | Noticed a torpor snail
 10878 | D:8      | Noticed an elephant
 10878 | D:8      | a torpor snail changed into an elephant
 10880 | D:8      | Killed an ogre mage
 10880 | D:8      | Reached skill level 12 in Axes
 10884 | D:8      | Killed a wolf spider
 11336 | D:8      | Noticed a death drake
 11904 | D:9      | Reached XP level 11. HP: 84/94 MP: 12/12
 12126 | D:9      | Found a staircase to the Lair.
 12165 | D:9      | Noticed a two-headed ogre
 12172 | D:9      | Killed a two-headed ogre
 12905 | D:9      | Reached ** piety under Trog
 13189 | D:10     | Entered Level 10 of the Dungeon
 14133 | D:10     | Reached *** piety under Trog
 14713 | D:11     | Noticed a cyan ugly thing
 14722 | D:11     | Slain by a hippogriff

Levels and vault maps discovered:
D:1:      eino_arrival_tree_alley, layout_loops_corners
D:2:      layout_loops_ring
D:3:      layout_loops_corners, hangedman_glass_teeth
D:4:      layout_basic, serial_shops, shop, uniq_eustachio
D:5:      layout_cave_pools, serial_shops, shop, first_ration, elyvilon_altar_1,
          uniq_menkaure
D:6:      layout_loops_ring, portal_sewer_entry_e
D:7:      kennysheep_six_static_rooms, layout_cave_pods, temple_fountains,
          ebering_ghost_xom, corexii_hall_statues_i, dk_noncrumbling_2,
          minmay_fire_ice_demons
D:8:      minmay_gate_of_8, layout_loops_ring, lemuel_doored_altar
D:9:      layout_loops_corners, lair_entry_dummy
D:10:     layout_roguey [special_room_orc], serial_bayou, serial_bayou_pond_e,
          serial_bayou_pond_c, serial_bayou_pond_c, serial_bayou_pond_a,
          serial_bayou_shore_b
D:11:     layout_roguey
Temple:   regret_index_temple_sigil_plot

Skill      XL: |  1  2  3  4  5  6  7  8  9 10 11 |
---------------+----------------------------------+-----
Axes           | 3 5 6 7 9 11 12 | 12.8
Shields        | 4 5 7 |  7.8
Armour         | 4 5 6 7 |  7.8
Fighting       | 4 5 6 7 8 9 |  9.2
Dodging        | 2 3 4 5 6 |  6.0
Throwing       | 1 3 4 5 6 7 |  7.0
Evocations     | 1 2 3 |  3.8
Stealth        | |  0.8

Action                   |  1- 3 |  4- 6 |  7- 9 | 10-12 || total
-------------------------+-------+-------+-------+-------++-------
Melee: War axe           |   100 |   105 |   203 |   359 ||   767
       Headbutt          |     9 |    14 |    41 |    69 ||   133
Throw: Dart              |       |    32 |    60 |    30 ||   122
Invok: Berserk           |       |       |       |     3 ||     3
 Abil: Evoke Berserk Rag |       |       |     4 |     2 ||     6
  Use: Scroll            |     3 |     1 |    16 |    10 ||    30
       Potion            |       |     1 |     1 |     6 ||     8
  Eat: Chunk             |     3 |     7 |     8 |     7 ||    25
       Ration            |       |     1 |     3 |     6 ||    10
Armor: Scale mail        |    58 |    45 |    69 |   116 ||   288
Dodge: Dodged            |    29 |    32 |    78 |   144 ||   283
Block: Shield            |    62 |    67 |   122 |   227 ||   478
